 Dungeon Crawl Stone Soup version 0.26-a0-812-g31a745ddcd (webtiles) character file.

Game seed: 7422682257363016390

290 raph the Digger (level 6, 0/48 HPs)
             Began as a Gargoyle Earth Elementalist on Dec 1, 2020.
             Killed from afar by an orc wizard (4 damage)
             ... with a magic dart
             ... on level 4 of the Dungeon.
             The game lasted 00:08:06 (3375 turns).

raph the Digger (Gargoyle Earth Elementalist)       Turns: 3375, Time: 00:08:07

Health: 0/48       AC:  7    Str: 11    XL:     6   Next: 32%
Magic:  1/9        EV: 12    Int: 18    God:
Gold:   132        SH:  0    Dex: 10    Spells: 3/9 levels left

rFire    . . .     SeeInvis .   t - +0 morningstar
rCold    . . .     Faith    .   (no shield)
rNeg     + . .     Spirit   .   c - +0 robe
rPois    ∞         Reflect  .   (no helmet)
rElec    +         Harm     .   (no cloak)
rCorr    .         Rampage  .   (no gloves)
MR       .....                  l - +0 pair of boots
Stlth    ..........             (no amulet)
HPRegen  0.16/turn              (no ring)
MPRegen  0.11/turn              (no ring)

@: mighty, berserking, very quick
A: negative energy resistance 1, electricity resistance, unbreathing,
petrification resistance, rot immunity, AC +4
a: no special abilities


You were on level 4 of the Dungeon.
You visited 1 branch of the dungeon, and saw 6 of its levels.

You collected 132 gold pieces.

Inventory:

Hand Weapons
 e - a +0 short sword
 h - a +0 whip
 o - a +2 short sword of holy wrath
 t - a +0 morningstar (weapon)
Missiles
 b - 127 stones (quivered)
 q - 6 curare-tipped darts
Armour
 c - a +0 robe (worn)
 l - a +0 pair of boots (worn)
Scrolls
 g - 2 scrolls of identify {unknown}
 k - a scroll of magic mapping {unknown}
 m - 2 scrolls of remove curse {unknown}
 n - a scroll of blinking {unknown}
 r - a scroll of noise {unknown}
 u - a scroll of teleportation {unknown}
Potions
 a - a potion of might
 f - 2 potions of ambrosia {unknown}
 i - a potion of heal wounds {unknown}
 j - a potion of flight {unknown}
 p - a potion of curing {unknown}
 s - a potion of brilliance {unknown}


   Skills:
 - Level 1.8 Dodging
 - Level 2.5 Stealth
 - Level 2.2 Spellcasting
 + Level 4.0 Conjurations
 - Level 0.7 Transmutations
 + Level 6.4 Earth Magic


You had 3 spell levels left.
You knew the following spells:

 Your Spells              Type           Power        Failure   Level
a - Sandblast             Erth           ####..       1%          1
b - Stone Arrow           Conj/Erth      ###...       6%          3
c - Passwall              Tmut/Erth      ##......     6%          2

Your spell library contained the following spells:

 Spells                   Type           Power        Failure   Level
 Lee's Rapid Deconstruct  Erth           ####......   34%         5
 Petrify                  Tmut/Erth      ##......     38%         4


Dungeon Overview and Level Annotations

Branches:
Dungeon (6/15)
 Temple: D:4-7

Altars:
Gozag
Kikubaaqudgha
Nemelex Xobeh
Trog
The Shining One


Innate Abilities, Weirdness & Mutations

You are resistant to torment.
Your stone body is resilient. (AC +4)
You are immune to poison.
You resist negative energy. (rN+)
You are resistant to electric shocks. (rElec)
You can survive without breathing.
You are immune to petrification.
You are immune to rotting.


Message History

The orc wizard hits you but does no damage.
The orc wizard barely misses you.
The orc wizard mumbles some strange words.
The orc wizard blinks!
An adder comes into view.
The orc wizard points at you and mumbles some strange words.
The magic dart hits you!
* * * LOW HITPOINT WARNING * * *
It was a potion of might.
You feel very mighty all of a sudden.
It was a potion of berserk rage.
A red film seems to cover your vision as you go berserk!
You feel yourself moving faster!
You feel mighty!
The adder hisses angrily.
You miss the adder.
The orc wizard hits you but does no damage.
The adder bites you but does no damage.
The orc wizard points at you and mumbles some strange words.
The magic dart hits you.
You die...

### ####### ##.. ......
... .. ... ## ###.# #.#
#.# ...##.#.#####
#.####.###
#.......)..##...##...[.
#.....o.....#.#.#..##>
#....@###.[.......#.#)
##...S# ###.#.#..# #..
#..... #.....#####.
#...... #.#.##.#.#.#
#.....## #...# #.....
.....## ###.####.###
#....## #....)....
.##... ##########


You could see an orc wizard (fast) and an adder.

Vanquished Creatures
  A bullfrog (D:6)
  An orc wizard (D:4)
  An orc priest (D:4)
  2 iguanas
  5 adders
  An ooze (D:3)
  A dart slug (D:2)
  A leopard gecko (D:4)
  15 orcs
  2 giant cockroaches
  8 goblins
  2 hobgoblins (D:1)
  2 jackals (D:1)
  3 quokkas
  5 bats
  5 frilled lizards
  6 kobolds
  6 rats (D:1)
67 creatures vanquished.

Vanquished Creatures (others)
  15 plants (D:1)
15 creatures vanquished.

Grand Total: 82 creatures vanquished

Notes
Turn   | Place    | Note
-------+----------+-------------------------------------------
     0 | D:1      | raph the Gargoyle Earth Elementalist began the quest for
                  | the Orb.
     0 | D:1      | Reached XP level 1. HP: 10/10 MP: 3/3
   236 | D:1      | Reached XP level 2. HP: 15/15 MP: 0/5
   326 | D:1      | Reached skill level 4 in Earth Magic
  1134 | D:2      | Found a sparkling altar of Nemelex Xobeh.
  1144 | D:2      | Found an ancient bone altar of Kikubaaqudgha.
  1147 | D:2      | Found an opulent altar of Gozag.
  1150 | D:2      | Found a glowing golden altar of the Shining One.
  1229 | D:2      | Reached XP level 3. HP: 17/19 MP: 6/6
  1234 | D:2      | Learned a level 3 spell: Stone Arrow
  1237 | D:2      | Learned a level 2 spell: Passwall
  1509 | D:2      | Reached skill level 1 in Conjurations
  1526 | D:2      | Found a faded altar of an unknown god.
  2034 | D:3      | Reached XP level 4. HP: 14/24 MP: 3/7
  2288 | D:3      | Reached skill level 5 in Earth Magic
  2653 | D:3      | You fall into a shaft and drop 3 floors!
  2677 | D:6      | Found a bloodstained altar of Trog.
  2695 | D:6      | Noticed a bullfrog
  2697 | D:6      | Killed a bullfrog
  2697 | D:6      | Reached XP level 5. HP: 23/28 MP: 5/8
  2999 | D:5      | Entered Level 5 of the Dungeon
  3047 | D:4      | Reached skill level 6 in Earth Magic
  3051 | D:4      | Reached XP level 6. HP: 29/32 MP: 4/9
  3375 | D:4      | Killed from afar by an orc wizard

Illustrated notes

Levels and vault maps discovered:
D:1:      minmay_arrival_loop, layout_basic, serial_bayou,
          serial_bayou_lagoon_a, serial_bayou_pond_c, serial_bayou_pond_a,
          serial_bayou_lake_a, serial_bayou_ford_a, serial_bayou_pond_b
D:2:      layout_basic, grunt_temple_overflow_cloverleaf,
          chequers_ecumenical_altar_grove, minmay_fountain_box
D:3:      layout_rooms, lemuel_doored_altar, chequers_mini_garden
D:4:      layout_loops_ring, gammafunk_ghost_icy
D:5:      layout_loops_ring, overflow_temple_1_default,
          nicolae_ashenzari_panopticon, minmay_temple_entry_antechambers
D:6:      layout_basic, lemuel_coloured_pillars_altar, serial_corexii_hall,
          corexii_hall_statues_u, corexii_hall_statues_x, minmay_mini_ossuary,
          uniq_grinder

Skill      XL: |  1  2  3  4  5  6 |
---------------+-------------------+-----
Earth Magic    | 4 5 6 |  6.4
Conjurations   | 1 3 4 |  4.0
Dodging        | |  1.8
Stealth        | |  2.5
Spellcasting   | |  2.2
Transmutations | |  0.7

Action                   |  1- 3 |  4- 6 || total
-------------------------+-------+-------++-------
Melee: Unarmed           |     8 |       ||     8
       Whip              |    76 |    57 ||   133
       Short sword       |    13 |       ||    13
       Morningstar       |       |    49 ||    49
 Cast: Sandblast         |    31 |    29 ||    60
       Stone Arrow       |       |     3 ||     3
  Use: Potion            |       |     2 ||     2
 Stab: Sleeping          |     4 |       ||     4
Armor: Robe              |    36 |    63 ||    99
Dodge: Dodged            |    72 |   121 ||   193

Table legend: (Time is in decaauts)
 A = Elapsed time spent in this place.
 B = Non-inter-level travel time spent in this place.
 C = Inter-level travel time spent in this place.
 D = Time resting spent in this place.
 E = Time spent auto-exploring this place.
 F = Levels seen in this place.
 G = Mean time per level.
                   A        B        C        D        E       F      G
               +--------+--------+--------+--------+--------+-----+--------+
         Total |   3476 |   3402 |     74 |   1464 |   1091 |   6 |  579.3 |
       Dungeon |   3476 |   3402 |     74 |   1464 |   1091 |   6 |  579.3 |
               +--------+--------+--------+--------+--------+-----+--------+

Top non-repeatable levels by time:
     D:2: 1377 daAuts
     D:1: 1011 daAuts
     D:4: 354 daAuts
     D:6: 348 daAuts
     D:3: 335 daAuts
     D:5: 49 daAuts
